 Dungeon Crawl Stone Soup version 0.30-a0-4-ga7cffc901d (webtiles) character file.

Game seed: 16022562101270780371

295 Setbun the Twirler (level 6, -3/47 HPs)
             Began as a Human Gladiator on Aug 20, 2022.
             Slain by a black bear (8 damage)
             ... on level 5 of the Dungeon.
             The game lasted 00:07:11 (4004 turns).

Setbun the Twirler (Human Gladiator)                Turns: 4004, Time: 00:07:11

Health: -3/47      AC:  4    Str: 15    XL:     6   Next: 61%
Magic:  6/6        EV: 13    Int:  8    God:
Gold:   174        SH:  0    Dex: 16    Spells: 5/5 levels left

rFire   . . .      SeeInvis .    g - +1 sling (flame)
rCold   . . .      Faith    .    (no shield)
rNeg    . . .      Spirit   .    b - +0 leather armour
rPois   .          Reflect  .    c - +0 helmet
rElec   .          Harm     .    (no cloak)
rCorr   .          Rampage  .    (no gloves)
Will    .....                    (no boots)
Stlth   +.........               (no amulet)
HPRegen 0.15/turn                (no ring)
MPRegen 0.10/turn                (no ring)

@: no status effects
A: no striking features
a: no special abilities


You were on level 5 of the Dungeon.
You visited 1 branch of the dungeon, and saw 5 of its levels.

You collected 174 gold pieces.

Inventory:

Hand Weapons
 a - a +0 quarterstaff
 g - a +1 sling of flaming (weapon)
 h - a +2 dagger of venom
Missiles
 d - 3 throwing nets
 e - 3 javelins
 j - 33 stones
Armour
 b - a +0 leather armour (worn)
 c - a +0 helmet (worn)
Jewellery
 u - an amulet of magic regeneration
Scrolls
 f - 2 scrolls of teleportation {unknown}
 i - a scroll of brand weapon {unknown}
 m - 6 scrolls of identify {unknown}
 n - a scroll of butterflies {unknown}
 o - a scroll of noise {unknown}
 q - 2 scrolls of blinking {unknown}
 s - 2 scrolls of poison {unknown}
 v - a scroll of torment {unknown}
 w - a scroll of fear {unknown}
 y - a scroll of immolation {unknown}
Potions
 k - 3 potions of degeneration {unknown}
 l - a potion of curing {unknown}
 p - a potion of brilliance {unknown}
 r - 2 potions of resistance {unknown}
 t - a potion of cancellation {unknown}
 x - a potion of might {unknown}
 z - a potion of magic {unknown}
 A - a potion of ambrosia {unknown}


   Skills:
 + Level 3.2 Fighting
 * Level 4.9 Staves
 * Level 2.6 Ranged Weapons
 - Level 2.0 Throwing
 + Level 4.0 Dodging


You had 5 spell levels left.
You didn't know any spells.
Your spell library contained the following spells:

 Spells                   Type           Power      Damage    Failure   Level
 Anguish                  Hex/Necr       0%         N/A       99%         4
 Borgnjor's Vile Clutch   Necr/Erth      0%         N/A       100%        5
 Simulacrum               Ice/Necr       0%         N/A       100%        6


Dungeon Overview and Level Annotations

Branches:
Dungeon (5/15)
 Temple: D:4-7

Altars:
Ashenzari
Elyvilon


Message History

Fire: g) +1 sling (flame)
Press: ? - help, Q - select action, (/) - cycle Shift-Dir - straight line, f/p - black bear
Aim: a black bear (heavily wounded, 68% to hit)
You shoot a sling bullet. The sling bullet hits the black bear.
The sling bullet burns the black bear.
The black bear is heavily wounded.
The black bear misses you. The black bear barely misses you.
The black bear misses you. The black bear bites you.
The black bear claws you but does no damage. x2
Unknown command.
Fire: g) +1 sling (flame)
Press: ? - help, Q - select action, (/) - cycle Shift-Dir - straight line, f/p - black bear
Aim: a black bear (heavily wounded, 68% to hit)
You shoot a sling bullet. The sling bullet hits the black bear.
The sling bullet burns the black bear.
The black bear is severely wounded.
The black bear bites you but does no damage.
The black bear barely misses you. The black bear claws you.
* * * LOW HITPOINT WARNING * * *
Fire: g) +1 sling (flame)
Press: ? - help, Q - select action, (/) - cycle Shift-Dir - straight line, f/p - black bear
Aim: a black bear (severely wounded, 68% to hit)
You shoot a sling bullet. The sling bullet hits the black bear.
The sling bullet burns the black bear.
The black bear is almost dead.
The black bear goes berserk!
Fire: g) +1 sling (flame)
Press: ? - help, Q - select action, (/) - cycle Shift-Dir - straight line, f/p - black bear
Aim: a black bear (almost dead, berserk, 68% to hit)
You shoot a sling bullet. The sling bullet hits the black bear.
The sling bullet burns the black bear.
The black bear is almost dead.
The black bear barely misses you. The black bear closely misses you.
The black bear claws you.
* * * LOW HITPOINT WARNING * * *
The black bear barely misses you. The black bear misses you.
The black bear claws you.
* * * LOW HITPOINT WARNING * * *
The black bear bites you!
You die...

...<####.# #.....#
........## #..#..#
#.######.#####.######
#. ##........#
##.####...###.[..#
#.......#.# ##...#
#..#...###.# #.. .
###...# #.. #....@#
#..# ........h....#
.......#.......
.....## ....... .#...
....... ###. .......
....... .......


You could see a black bear (berserk).

Vanquished Creatures
  2 hounds
  A jelly (D:4)
  An iguana (D:4)
  An orc wizard (D:3)
  5 adders
  2 worms (D:2)
  9 orcs
  9 endoplasms
  7 giant cockroaches
  3 goblins
  9 hobgoblins
  14 jackals
  2 quokkas
  3 ball pythons
  2 bats (D:1)
  A frilled lizard (D:1)
  7 kobolds
  10 rats
88 creatures vanquished.

Notes
Turn   | Place    | Note
-------+----------+-------------------------------------------
     0 | D:1      | Setbun the Human Gladiator began the quest for the Orb.
     0 | D:1      | Reached XP level 1. HP: 16/16 MP: 1/1
   159 | D:1      | Reached XP level 2. HP: 22/22 MP: 2/2
   309 | D:1      | Found a faded altar of an unknown god.
   471 | D:1      | Reached XP level 3. HP: 27/27 MP: 3/3
   858 | D:2      | Reached XP level 4. HP: 16/34 MP: 4/4
  1065 | D:2      | Reached skill level 1 in Ranged Weapons
  1595 | D:2      | Reached XP level 5. HP: 36/39 MP: 5/5
  2052 | D:3      | Found a broken altar of Ashenzari.
  2621 | D:3      | Found a white marble altar of Elyvilon.
  2997 | D:4      | Got the Disquisition on Profane Magic
  3070 | D:4      | Reached XP level 6. HP: 22/47 MP: 6/6
  3937 | D:5      | Entered Level 5 of the Dungeon
  3991 | D:5      | Noticed a black bear
  4004 | D:5      | Slain by a black bear

Illustrated notes

Levels and vault maps discovered:
D:1:      dpeg_arrival_radiant, layout_rooms, ebering_ecumenical_altar_ruins,
          solitary_fountain
D:2:      layout_basic
D:3:      layout_basic, nicolae_elyvilon_peaceful_grove,
          mainiacjoe_overflow_24_doors
D:4:      layout_basic, grunt_ministairs_7, hangedman_decor_growths
D:5:      layout_layer_cave, mainiacjoe_overflow_small_starburst, uniq_sigmund,
          uniq_grinder, uniq_blork_the_orc, uniq_prince_ribbit1

Skill      XL: |  1  2  3  4  5  6 |
---------------+-------------------+-----
Staves         | 4 |  4.9
Ranged Weapons | 1 2 |  2.6
Fighting       | 3 |  3.2
Dodging        | 4 |  4.0
Throwing       | |  2.0

Action                   |  1- 3 |  4- 6 || total
-------------------------+-------+-------++-------
Melee: Quarterstaff      |    26 |       ||    26
 Fire: Sling             |    81 |   183 ||   264
Armor: Leather armour    |    33 |    37 ||    70
Dodge: Dodged            |    50 |   110 ||   160

Table legend: (Time is in decaauts)
 A = Elapsed time spent in this place.
 B = Non-inter-level travel time spent in this place.
 C = Inter-level travel time spent in this place.
 D = Time resting spent in this place.
 E = Time spent auto-exploring this place.
 F = Levels seen in this place.
 G = Mean time per level.
                   A        B        C        D        E       F      G
               +--------+--------+--------+--------+--------+-----+--------+
         Total |   4099 |   4009 |     90 |    518 |   2921 |   5 |  819.8 |
       Dungeon |   4099 |   4009 |     90 |    518 |   2921 |   5 |  819.8 |
               +--------+--------+--------+--------+--------+-----+--------+

Top non-repeatable levels by time:
     D:4: 1179 daAuts
     D:3: 1063 daAuts
     D:2: 1053 daAuts
     D:1: 732 daAuts
     D:5: 70 daAuts
